 Dungeon Crawl Stone Soup version 0.25.0-11-g1f837a76a1 (console) character file.

Game seed: 5771068464634697120

1980 bli the Insei (level 9, -3/67 HPs)
             Began as a Black Draconian Transmuter on June 27, 2020.
             Was an Elder of Jiyva.
             Killed themself with a badly aimed iceblast (13 damage)
             ... on level 7 of the Dungeon.
             The game lasted 00:26:13 (7239 turns).

bli the Insei (Black Draconian Transmuter)          Turns: 7239, Time: 00:26:13

Health: -3/67      AC:  2    Str: 10    XL:     9   Next: 1%
Magic:  16/18      EV: 22    Int: 16    God:    Jiyva [****..]
Gold:   172        SH:  0    Dex: 20    Spells: 9/20 levels left

rFire    . . .     SeeInvis .     - Unarmed
rCold    . . .     Gourm    .   (shield currently unavailable)
rNeg     . . .     Faith    +   (armour unavailable)
rPois    x         Spirit   .   (helmet currently unavailable)
rElec    .         Reflect  .   (cloak currently unavailable)
rCorr    +         Harm     .   (gloves currently unavailable)
MR       .....                  (boots currently unavailable)
Stlth    ++........             y - amulet of faith
HPRegen  0.21/turn              (no ring)
MPRegen  0.16/turn              (no ring)

@: spider-form (expiring)
A: tiny, (breathe lightning), unfitting armour, AC +7
a: End Transformation, Request Jelly, Slimify, Renounce Religion


You were on level 7 of the Dungeon.
You worshipped Jiyva.
Jiyva was greatly pleased with you.
You were not hungry.
You were a venomous arachnid creature.
You visited 2 branches of the dungeon, and saw 8 of its levels.

You collected 316 gold pieces.
You spent 144 gold pieces at shops.

Inventory:

Hand Weapons
 w - a +2 vorpal long sword
Missiles
 a - 74 arrows
 f - 173 stones
 h - 3 atropa-tipped darts (quivered)
 l - 58 poisoned darts
 x - 5 boomerangs
Armour
 r - a +0 pair of gloves (melded)
 u - a +2 cloak (melded)
Jewellery
 y - an amulet of faith (around neck)
Wands
 v - a wand of random effects (19)
Scrolls
 b - 3 scrolls of teleportation {unknown}
 e - 7 scrolls of identify {unknown}
 g - 4 scrolls of fear {unknown}
 k - a scroll of enchant armour {unknown}
 m - 2 scrolls of enchant weapon {unknown}
 n - 5 scrolls of remove curse {unknown}
 p - a scroll of magic mapping {unknown}
Potions
 d - a potion of invisibility
 i - a potion of mutation {unknown}
 j - 2 potions of curing
 o - a potion of haste {unknown}
 s - a potion of lignification {unknown}
Comestibles
 c - 6 rations
 q - 10 chunks of flesh


   Skills:
 + Level 2.2 Fighting
 + Level 3.8 Dodging
 + Level 2.4 Stealth
 + Level 6.8 Unarmed Combat
 + Level 6.0 Spellcasting
 * Level 4.6 Transmutations
 - Level 4.0 Poison Magic


You had 9 spell levels left.
You knew the following spells:

 Your Spells              Type           Power        Failure   Level  Hunger
a - Beastly Appendage     Tmut           ###...       8%          1    None
b - Sticks to Snakes      Tmut           ###.....     11%         2    #......
B - Blade Hands           Tmut           ###.......   71%         5    ######.
S - Spider Form           Tmut/Pois      ###.......   19%         3    ##.....

Your spell library contained the following spells:

 Spells                   Type           Power        Failure   Level  Hunger
 Ice Form                 Ice/Tmut       ##......     69%         4    ####...


Dungeon Overview and Level Annotations

Branches:
Dungeon (7/15)             Temple (1/1) D:4

Altars:
Cheibriados
Dithmenos
Elyvilon
Fedhas
Gozag
Kikubaaqudgha
Makhleb
Okawaru
Ru
Trog
Uskayaw
Vehumet
Wu Jian
Xom
Yredelemnul
The Shining One
Jiyva

Shops:
D:4 (   D:6 *


Innate Abilities, Weirdness & Mutations

((You can breathe wild blasts of lightning.))
((Your glossy black scales are hard. (AC +7)))
You cannot fit into any form of body armour.
((You are resistant to electric shocks. (rElec)))
((You are cold-blooded and may be slowed by cold attacks.))


Message History

a +0 whip; a +3 scale mail; an orc skeleton Your transformation is almost over.
A cyclops comes into view.
You see here an atropa-tipped dart.
Found a glowing hunting sling.
The cyclops shouts!
You hit the cyclops.
The cyclops is poisoned.
The cyclops is lightly wounded.
You hit the cyclops.
The cyclops is lightly wounded.
The cyclops hits you.
* * * LOW HITPOINT WARNING * * *
Evoke which item? (* to show all) (? for menu, Esc to quit)
Aiming: Random Effects
Press: ? - help, Shift-Dir - straight line, f - cyclops
Aim: a cyclops, quivering 3 large rocks (lightly wounded, very poisoned)
The mass of ice explodes!
The iceblast engulfs the cyclops!
The cyclops is moderately wounded.
The iceblast engulfs you!
You die...

#### #...## #<##
####)######
#.........#
#.##.####.########
#.#.#)#####.[......)
#......)..(sC..#
##.###########.# #.
# # ##.#######
......... ).......#
#)#


You could see a cyclops (very poisoned).

Vanquished Creatures
  Maggie (D:6)
  A wyvern (D:7)
  Eustachio (D:5)
  Menkaure (D:4)
  2 sky beasts (D:5)
  2 ogres
  Blork the orc (D:4)
  A bullfrog (D:6)
  A scorpion (D:5)
  A crimson imp (D:5)
  4 hounds
  A bullfrog skeleton (D:5)
  An orc priest (D:7)
  Crazy Yiuf (D:3)
  5 orc wizards
  3 worker ants
  2 iguanas (D:6)
  Ijyb (D:4)
  A hound zombie (D:5)
  A hound skeleton (D:7)
  12 adders
  2 adder zombies
  An ooze (D:2)
  A leopard gecko (D:3)
  8 orcs
  6 giant cockroaches
  8 goblins
  6 hobgoblins
  14 jackals
  2 quokkas
  2 ball pythons
  8 bats
  3 frilled lizards
  2 jackal skeletons
  6 kobolds
  A leopard gecko zombie (D:5)
  A quokka skeleton (D:5)
  11 rats
126 creatures vanquished.

Vanquished Creatures (collateral kills)
  Sigmund (D:5)
  A bullfrog skeleton (D:5)
  A gnoll (D:1)
  An adder (D:6)
  2 orcs (D:2)
  A hobgoblin (D:2)
7 creatures vanquished.

Vanquished Creatures (others)
  A water moccasin (D:6)
  A black bear (D:7)
  7 jellies
  A quasit (D:7)
  2 hounds
  An orc priest (D:6)
  3 worker ants (D:6)
  2 orcs (D:6)
  2 quokkas
20 creatures vanquished.

Grand Total: 153 creatures vanquished

Notes
Turn   | Place    | Note
-------+----------+-------------------------------------------
     0 | D:1      | bli the Draconian Transmuter began the quest for the Orb.
     0 | D:1      | Reached XP level 1. HP: 16/16 MP: 3/3
   168 | D:1      | Reached XP level 2. HP: 22/23 MP: 3/5
   194 | D:1      | Learned a level 2 spell: Sticks to Snakes
   588 | D:1      | Reached XP level 3. HP: 28/28 MP: 4/6
   593 | D:1      | Learned a level 3 spell: Spider Form
  1245 | D:2      | Found an opulent altar of Gozag.
  1444 | D:2      | Reached XP level 4. HP: 35/35 MP: 6/8
  1779 | D:2      | Reached skill level 1 in Poison Magic
  2645 | D:3      | Found a runed translucent door.
  2646 | D:3      | Noticed Crazy Yiuf
  2665 | D:3      | Killed Crazy Yiuf
  2665 | D:3      | Reached XP level 5. HP: 31/40 MP: 2/9
  2901 | D:4      | Found a hide-covered altar of Uskayaw.
  2915 | D:4      | Became a worshipper of Uskayaw the Reveler
  2948 | D:4      | Reached * piety under Uskayaw
  2950 | D:4      | HP: 2/40 [orc/+0 whip (2)]
  2959 | D:4      | Reached ** piety under Uskayaw
  2962 | D:4      | Reached *** piety under Uskayaw
  3376 | D:4      | Found an ornate altar of the Wu Jian Council.
  3376 | D:4      | Noticed Ijyb
  3387 | D:4      | Killed Ijyb
  3387 | D:4      | Reached XP level 6. HP: 47/47 MP: 7/11
  3442 | D:4      | Noticed Blork the orc
  3443 | D:4      | Found Lina's Weapon Emporium.
  3462 | D:4      | Killed Blork the orc
  3462 | D:4      | Reached skill level 1 in Stealth
  3752 | D:4      | Found a staircase to the Ecumenical Temple.
  3754 | D:4      | Found a faded altar of an unknown god.
  3850 | Temple   | Entered the Ecumenical Temple
  4119 | Temple   | Fell from the grace of Uskayaw
  4119 | Temple   | Became a worshipper of Jiyva Jisuofor the Shapeless
  4279 | D:4      | Noticed Menkaure
  4290 | D:4      | Killed Menkaure
  4290 | D:4      | Reached skill level 5 in Unarmed Combat
  4626 | D:5      | Entered Level 5 of the Dungeon
  4631 | D:5      | Noticed Sigmund
  4648 | D:4      | Reached * piety under Jiyva
  4759 | D:5      | Your scales start taking on a glossy black colour.
  4759 | D:5      | Reached XP level 7. HP: 41/52 MP: 6/13
  4759 | D:5      | Gained mutation: You are resistant to electric shocks.
                  | (rElec) [Black Draconian growth]
  4768 | D:5      | Killed Sigmund
  5253 | D:5      | Noticed Eustachio
  5271 | D:5      | Reached skill level 5 in Spellcasting
  5271 | D:5      | Reached XP level 8. HP: 12/61 MP: 15/15
  5298 | D:5      | Killed Eustachio
  5902 | D:6      | Found a burning altar of Makhleb.
  5952 | D:6      | Found Halaw's Assorted Antiques.
  5965 | D:6      | Bought a potion of curing for 72 gold pieces
  5965 | D:6      | Bought a potion of curing for 72 gold pieces
  6018 | D:6      | Reached ** piety under Jiyva
  6164 | D:6      | Noticed Maggie
  6185 | D:6      | Killed Maggie
  6192 | D:6      | Reached *** piety under Jiyva
  6388 | D:6      | Gained mutation: You are frail. (-10% HP) [Jiyva's grace]
  6887 | D:6      | Learned a level 5 spell: Blade Hands
  6888 | D:7      | Found a shadowy altar of Dithmenos.
  6909 | D:7      | Noticed a troll
  7119 | D:7      | Lost mutation: You are frail. (-10% HP) [Jiyva's grace]
  7222 | D:7      | Reached **** piety under Jiyva
  7226 | D:7      | Reached XP level 9. HP: 11/67 MP: 14/18
  7234 | D:7      | Noticed a cyclops
  7239 | D:7      | Killed themself with a badly aimed iceblast

Illustrated notes

Levels and vault maps discovered:
D:1:      sevenhm_arrival_forest_fort_small_4, layout_basic,
          minmay_misc_feat_enclosed
D:2:      layout_loops_ring, nicolae_gozag_seed_capital, first_ration
D:3:      layout_basic, minmay_misc_feat_x, uniq_crazy_yiuf_cottage
D:4:      layout_basic, old_standard_altar, old_standard_altar,
          nicolae_temple_entry_ecumenical, serial_shops, shop,
          uniq_blork_the_orc, uniq_menkaure, uniq_ijyb
D:5:      layout_cave_pools, uniq_eustachio, uniq_sigmund
D:6:      layout_loops_cross, lightli_temple_of_fire, serial_shops, shop,
          grunt_ministairs_7, uniq_maggie
D:7:      minmay_the_grid_four_pointed_star
          [minmay_the_grid_triangle_9x9_semitri,
          minmay_the_grid_triangle_9x9_shrine,
          minmay_the_grid_triangle_9x9_swiss_cheese,
          minmay_the_grid_triangle_9x9_corrupted_corridor,
          minmay_the_grid_prize_big_room], layout_loops_ring,
          grunt_temple_overflow_open, gammafunk_ghost_abyssal_escape,
          nicolae_ossuary_entry_ruins
Temple:   pf_slimified_temple

Skill      XL: |  1  2  3  4  5  6  7  8 |
---------------+-------------------------+-----
Unarmed Combat | 4 5 6 |  6.8
Dodging        | 2 3 |  3.8
Poison Magic   | 1 2 4 |  4.0
Spellcasting   | 3 4 5 6 |  6.0
Stealth        | 1 2 |  2.4
Transmutations | 3 4 |  4.6
Fighting       | 2 |  2.2

Action                   |  1- 3 |  4- 6 |  7- 9 || total
-------------------------+-------+-------+-------++-------
Melee: Unarmed           |   129 |   204 |   234 ||   567
       Kick              |    14 |    18 |    18 ||    50
       Tailslap          |    17 |    18 |    26 ||    61
       Headbutt          |     1 |     7 |    11 ||    19
       Punch             |     1 |     5 |     7 ||    13
Throw: Dart              |       |       |     1 ||     1
       Stone             |       |       |     1 ||     1
 Cast: Beastly Appendage |    21 |    29 |    18 ||    68
       Sticks to Snakes  |     3 |    22 |    12 ||    37
       Spider Form       |       |       |     1 ||     1
Invok: Stomp             |       |     3 |       ||     3
 Abil: Breathe Lightning |       |       |     2 ||     2
  Use: Potion            |       |     3 |     3 ||     6
 Stab: Sleeping          |     2 |     1 |     1 ||     4
       Invisible         |       |     2 |       ||     2
       Paralysed         |       |     1 |       ||     1
       Distracted        |       |     2 |     2 ||     4
  Eat: Chunk             |     2 |    13 |     3 ||    18
       Ration            |       |       |     1 ||     1
Armor: Skin              |    43 |    75 |    88 ||   206
Dodge: Dodged            |    94 |   169 |   137 ||   400
